 Dungeon Crawl Stone Soup version 0.30-a0-297-g0ec75d9ef4 (webtiles) character file.

Game seed: 4786429057532346572

31 lunkers the Chopper (level 3, -2/42 HPs)
             Began as a Meteoran Wanderer on Oct 20, 2022.
             Slain by Sigmund
             ... wielding a +3 scythe of protection
              (6 damage)
             ... on level 2 of the Dungeon.
             The game lasted 00:01:18 (496 turns).

lunkers the Chopper (Meteoran Wanderer)              Turns: 496, Time: 00:01:19

Health: -2/42      AC: 21    Str: 15    XL:     3   Next: 61%
Magic:  4/4        EV:  2    Int:  9    God:
Gold:   44         SH:  0    Dex: 18    Spells: 2/2 levels left

rFire   . . .      SeeInvis .    a - +2 hand axe
rCold   . . .      Faith    .    (no shield)
rNeg    . . .      Spirit   .    (body armour currently unavailable)
rPois   +          Reflect  .    (helmet currently unavailable)
rElec   .          Harm     .    (cloak currently unavailable)
rCorr   .          Rampage  .    (gloves currently unavailable)
Will    .....      NoTele   +    (boots currently unavailable)
Stlth   +.........               (no amulet)
HPRegen 0.27/turn                g - +4 ring of evasion
MPRegen 0.09/turn                (no ring)

@: tree-form, glowing
A: stationary, stasis, torment immunity, boosted hp, sense surroundings 1,
otherworldly, glowing, explore regen
a: no special abilities


You were on level 2 of the Dungeon.
You were a tree.
You visited 1 branch of the dungeon, and saw 2 of its levels.

You collected 44 gold pieces.

Inventory:

Hand Weapons
 a - a +2 hand axe (weapon)
 b - a +0 quarterstaff
Armour
 e - a +0 leather armour (melded)
 j - a +0 pair of gloves (melded)
Jewellery
 g - a +4 ring of evasion (left branch)
Scrolls
 f - a scroll of identify {unknown}
 k - a scroll of acquirement {unknown}
 l - a scroll of fog {unknown}
 m - a scroll of teleportation {unknown}
Potions
 h - 2 potions of attraction {unknown}
 i - a potion of curing {unknown}
Miscellaneous
 c - a piece from Xom's chessboard (15/15)


   Skills:
 - Level 1.1 Fighting
 + Level 4.3 Axes
 - Level 3.6 Staves
 - Level 1.2 Dodging
 - Level 3.6 Evocations


You had 2 spell levels left.
You didn't know any spells.
Your spell library was empty.

Dungeon Overview and Level Annotations

Branches:
Dungeon (2/15) Zot: 696

Altars:

Annotations:
D:2 Sigmund


Innate Abilities, Weirdness & Mutations

You are a tree.
Your roots penetrate the ground, keeping you stationary.
You cannot be teleported.
You are immune to unholy pain and torment.
Your maximum health is greatly increased.
Your equipment is partially melded.
You passively map a small area around you.
You are easily found by Zot.
You glow in the dark.
You regain HP and MP as you explore.


Message History

Something hits you.
* * * LOW HITPOINT WARNING * * *
Really quaff the potion of lignification?
You turn into a tree.
Your +0 pair of gloves melds into your body.
Your +0 leather armour melds into your body.
Your roots penetrate the ground.
Something hits you.
* * * LOW HITPOINT WARNING * * *
You cannot move.
Unknown command.
You cannot move.
Unknown command.
You cannot move.
Unknown command.
You barely miss something. You hit something.
Something hits you but does no damage.
You miss something. Something hits you but does no damage.
You hit something. Your punch misses something.
Something hits you but does no damage.
You barely miss something. You closely miss something.
Something hits you but does no damage.
You hit something but do no damage. Something hits you.
* * * LOW HITPOINT WARNING * * *
Unknown command.
You hit something. Something hits you.
* * * LOW HITPOINT WARNING * * *
Unknown command.
You miss something. You miss something. Something hits you.
* * * LOW HITPOINT WARNING * * *
Unknown command.
You cannot move.
You cannot move.
You closely miss something. Something completely misses you.
You hit something but do no damage. You hit something but do no damage.
Something hits you.
* * * LOW HITPOINT WARNING * * *
You closely miss something. Something hits you but does no damage.
You miss something. Something hits you.
You die...

,#,, ##.......#
.#., * .......!#
.... *#...(..# * ,
.....#####......###
......$...........#
....###...........#
. #......[....#
#...........# , *
#...{♣......#
#......######
##..>..# #.....# *
#.....### *
#...<...# *
#.......###### *
#.......##...#
#...##....###...#


There were no monsters in sight!

Vanquished Creatures
  2 dart slugs (D:1)
  2 ball pythons
  2 endoplasms
  A giant cockroach (D:1)
  2 hobgoblins (D:1)
  7 jackals (D:2)
  A quokka (D:1)
  3 bats
  A kobold (D:1)
  2 rats
23 creatures vanquished.

Notes
Turn   | Place    | Note
-------+----------+-------------------------------------------
     0 | D:1      | lunkers the Meteoran Wanderer began the quest for the Orb.
     0 | D:1      | lunkers set off with the following items: a +2 hand axe, a
                  | +0 quarterstaff, a piece from Xom's chessboard (15/15), a
                  | potion of lignification, a +0 leather armour.
     0 | D:1      | Reached XP level 1. HP: 16/16 MP: 2/2
    50 | D:1      | Reached skill level 3 in Axes
    50 | D:1      | Reached XP level 2. HP: 16/23 MP: 3/3
   318 | D:1      | Reached XP level 3. HP: 28/28 MP: 4/4
   418 | D:2      | Reached skill level 4 in Axes
   465 | D:2      | Noticed Sigmund
   496 | D:2      | Slain by Sigmund

Illustrated notes

Levels and vault maps discovered:
D:1:      lemuel_arrival_lava_pool, layout_basic, minmay_shallow_snake_nest
D:2:      layout_basic, minmay_distorted, uniq_sigmund, uniq_natasha

Skill      XL: |  1  2  3 |
---------------+----------+-----
Axes           | 3 4 |  4.3
Fighting       | |  1.1
Staves         | |  3.6
Dodging        | |  1.2
Evocations     | |  3.6

Action                   || total
-------------------------++-------
Melee: Hand axe          ||    68
  Use: Potion            ||     1
Armor: Leather armour    ||    14
       Skin              ||     5
Dodge: Dodged            ||    43

Table legend: (Time is in decaauts)
 A = Elapsed time spent in this place.
 B = Non-inter-level travel time spent in this place.
 C = Inter-level travel time spent in this place.
 D = Time resting spent in this place.
 E = Time spent auto-exploring this place.
 F = Levels seen in this place.
 G = Mean time per level.
                   A        B        C        D        E       F      G
               +--------+--------+--------+--------+--------+-----+--------+
         Total |    502 |    465 |     37 |      0 |    295 |   2 |  251.0 |
       Dungeon |    502 |    465 |     37 |      0 |    295 |   2 |  251.0 |
               +--------+--------+--------+--------+--------+-----+--------+

Top non-repeatable levels by time:
     D:1: 381 daAuts
     D:2: 121 daAuts
